 Dungeon Crawl Stone Soup version 0.14-a0-759-g26e2352 (webtiles) character file.

118 PolkaDot the Sneak (level 2, 0/17 HPs)
             Began as a Vampire Wizard on Nov 9, 2013.
             Killed from afar by Sigmund (3 damage)
             ... with a puff of flame
             ... on Level 2 of the Dungeon.
             The game lasted 00:05:33 (1307 turns).

PolkaDot the Sneak (Vampire Wizard)                 Turns: 1307, Time: 00:05:33

HP   0/17        AC  2     Str 11      XL: 2   Next: 89%
MP   7/8         EV 18     Int 20      God:
Gold 92          SH  0     Dex 17      Spells:  1 memorised,  6 levels left

Res.Fire  : + + .   See Invis. : +   (no weapon)
Res.Cold  : . . .   Warding    : .   a - +0 robe
Life Prot.: + . .   Conserve   : .   (no shield)
Res.Poison: .       Res.Corr.  : .   b - +0 wizard hat
Res.Elec. : .       Clarity    : .   (no cloak)
Sust.Abil.: . .     Spirit.Shd : .   (no gloves)
Res.Mut.  : .       Stasis     : .   (no boots)
Res.Rott. : .       Flight     : .   (no amulet)
Saprovore : . . .                    i - ring of protection from fire
                                     h - ring of protection from fire

@: mighty, agile, very slightly contaminated, hasted, very quick, not resistant
to hostile enchantments, quite stealthy
A: fangs 3, see invisible, unbreathing
a: no special abilities


You were on level 2 of the Dungeon.
You were not thirsty.

You visited 1 branch of the dungeon, and saw 3 of its levels.

You collected 92 gold pieces.

Inventory:

Armour
 a - a +0 robe (worn)
 b - a +0 wizard hat (worn)
Scrolls
 f - 4 scrolls of remove curse {unknown}
 g - 2 scrolls of teleportation {unknown}
 m - a scroll of enchant armour {unknown}
Jewellery
 h - a ring of protection from fire (left hand)
 i - a ring of protection from fire (right hand)
Potions
 d - a potion of blood
 l - 2 potions of speed
Books
 c - a book of Minor Magic

   Spells                             Type                      Level
   *Magic Dart                        Conjuration                  1
   Blink                              Translocation                2
   Call Imp                           Summoning                    2
   Repel Missiles                     Charms/Air                   2
   Slow                               Hexes                        2
   Conjure Flame                      Conjuration/Fire             3
   Mephitic Cloud                     Conjuration/Poison/Air       3


   Skills:
 - Level 2.1 Dodging
 - Level 3.0 Stealth
 - Level 3.0 Spellcasting
 * Level 2.1 Conjurations
   Level 1.0 Summonings
   Level 0.7 Translocations


You had 6 spell levels left.
You knew the following spells:

 Your Spells              Type           Power        Failure   Level  Hunger
a - Magic Dart            Conj           ##..         10%         1    None


Dungeon Overview and Level Annotations

Branches:
Dungeon (3/27)

Altars:

Annotations:
D:2 Sigmund


Innate Abilities, Weirdness & Mutations

You have razor-sharp teeth.
You have supernaturally acute eyesight.
You can survive without breathing.


Message History

Drink which item? (? for menu, Esc to quit)
You feel yourself speed up.
It was a potion of speed.
You are very lightly contaminated with residual magic.
Drink which item? (? for menu, Esc to quit)
You feel very mighty all of a sudden.
It was a potion of might.
Drink which item? (? for menu, Esc to quit)
You feel more agile all of a sudden.
It was a potion of agility.
Drink which item? (? for menu, Esc to quit)
It has a very clean taste.
It was a potion of cure mutation.
Casting: Magic Dart
Confirm with . or Enter, or press ? or * to list all spells.
You don't know that spell.
Drink which item? (? for menu, Esc to quit)
Okay, then.
Sigmund gestures at you while chanting. The puff of flame hits you! You resist.
You are wearing:
h - a ring of protection from fire (left hand)
You die...

..$.............).....# #.##.#
#..##...#.##)##..####.## ##.##.#
.....%..#.##...........###..)#.#
#..##...#.#####..####..##......#
#.......#.#####................#
............@...@#.##..##.....(#
#..#.#...#.#####.#.......#...#.#
#..#.#...#%.. #.####....#####<#
...?...#####.###@# #..#.>..%..#
##.#.#.. #)......#####...#######
.....#.. #.#####...# ##..#
.<.###... ###.# #..# ##.# #..#
.# #..# #.# #.. .# #..# ... ##
#..# #### #..# ..#


You could see Sigmund.

Vanquished Creatures
  An ooze (D:1)
  A giant cockroach (D:2)
  2 goblins (D:1)
  4 hobgoblins (D:1)
  4 jackals
  3 bats (D:1)
  3 giant newts
  5 kobolds (D:1)
  2 rats
25 creatures vanquished.

Notes
Turn   | Place    | Note
--------------------------------------------------------------
     0 | D:1      | PolkaDot, the Vampire Wizard, began the quest for the Orb.
     0 | D:1      | Reached XP level 1. HP: 11/11 MP: 6/6
    95 | D:1      | Reached skill level 1 in Conjurations
   244 | D:1      | Reached XP level 2. HP: 12/17 MP: 0/8
   844 | D:2      | Noticed Sigmund
  1307 | D:2      | Killed from afar by Sigmund

Action                   || total
-------------------------++-------
Melee: Unarmed           ||    10
 Cast: Magic Dart        ||    58
  Use: Potion            ||     4
